 Dungeon Crawl Stone Soup version 0.22.0-38-g04b72b8 (webtiles) character file.

18918 Lew the Peltast (level 12, -4/68 HPs)
             Began as a Gargoyle Fighter on Aug 30, 2018.
             Was an Initiate of Gozag.
             Slain by Rupert
             ... wielding a +4 great mace of crushing
              (34 damage)
             ... on level 2 of the Orcish Mines.
             The game lasted 00:29:53 (13283 turns).

Lew the Peltast (Gargoyle Fighter)                 Turns: 13283, Time: 00:29:54

Health: -4/68      AC: 29    Str: 21    XL:     12   Next: 63%
Magic:  12/12      EV: 10    Int:  9    God:    Gozag
Gold:   1600       SH: 14    Dex: 17    Spells: 11/11 levels left

rFire    . . .     SeeInvis .   J - +5 rapier (speed)
rCold    + . .     Gourm    .   c - +0 shield
rNeg     + . .     Faith    .   t - +3 scale mail {rC+}
rPois    ∞         Spirit   .   n - +2 helmet
rElec    +         Reflect  .   g - +2 cloak {+Inv}
rCorr    .         Harm     .   C - +0 pair of gloves
MR       +....                  (no boots)
Stlth    +.........             (no amulet)
HPRegen  0.21/turn              l - ring of protection from magic
MPRegen  0.13/turn              k - +4 ring of dexterity

@: no status effects
A: negative energy resistance 1, electricity resistance, unbreathing,
petrification resistance, rot immunity, AC +8
a: Potion Petition, Call Merchant, Bribe Branch, Renounce Religion, Evoke
Invisibility


You were on level 2 of the Orcish Mines.
You worshipped Gozag.
Gozag was most pleased with you.
You were not hungry.

You visited 2 branches of the dungeon, and saw 14 of its levels.

You collected 2551 gold pieces.
You spent 901 gold pieces at shops.
You paid 50 gold pieces to Gozag.

Inventory:

Hand Weapons
 G - a +4 short sword
 J - a +5 rapier of speed (weapon)
Armour
 c - a +0 shield (worn)
 g - a +2 cloak of invisibility (worn)
 n - a +2 helmet (worn)
 t - a +3 scale mail of cold resistance (worn)
 y - a +1 cloak
 C - a +0 pair of gloves (worn)
 H - a +3 chain mail
Jewellery
 j - an uncursed ring of positive energy
 k - a +4 ring of dexterity (right hand)
 l - a ring of protection from magic (left hand)
Wands
 K - a wand of paralysis (14)
 L - a wand of random effects (39)
 M - a wand of clouds (5)
 R - a wand of flame (52)
Scrolls
 a - 2 scrolls of summoning {unknown}
 b - 4 scrolls of teleportation
 e - 3 scrolls of noise {unknown}
 f - 2 scrolls of immolation {unknown}
 h - 6 scrolls of remove curse
 m - 3 scrolls of amnesia
 p - 3 scrolls of fear {unknown}
 q - 2 scrolls of random uselessness {unknown}
 r - 2 scrolls of blinking {unknown}
 v - 2 scrolls of magic mapping {unknown}
 E - a scroll of enchant armour {unknown}
 I - 4 scrolls of fog
 N - a scroll of holy word {unknown}
 Q - a scroll of torment {unknown}
Potions
 d - a potion of might
 u - a potion of curing
 x - a potion of ambrosia
 z - 3 potions of brilliance
 A - a potion of flight
 B - a potion of cancellation
 D - a potion of resistance
 F - a potion of agility
 O - a potion of magic
Comestibles
 w - 4 rations


   Skills:
 - Level 5.5 Fighting
 * Level 10.1 Short Blades
 - Level 10.7 Armour
 - Level 2.2 Stealth
 - Level 15.0 Shields
 + Level 0.0 Evocations


You had 11 spell levels left.
You didn't know any spells.
Your spell library contained the following spells:

 Spells                   Type           Power        Failure   Level  Hunger
 Animate Skeleton         Necr           N/A          67%         1    ##.....
 Apportation              Tloc           #.....       67%         1    ##.....
 Confusing Touch          Hex            #.....       67%         1    ##.....
 Summon Small Mammal      Summ           #...         67%         1    ##.....
 Shroud of Golubria       Chrm/Tloc      #.........   80%         2    ###....
 Gell's Gravitas          Tloc           #.........   95%         3    ####...
 Ozocubu's Armour         Chrm/Ice       #.......     95%         3    ####...
 Ice Form                 Ice/Tmut       #.......     100%        4    #####..
 Passage of Golubria      Tloc           N/A          100%        4    #####..


Dungeon Overview and Level Annotations

Branches:
Dungeon (12/15)            Temple (0/1) D:7            Lair (0/6) D:10
    Orc (2/2) D:12
    Elf: Orc:2

Altars:
Ashenzari
Dithmenos
Fedhas
Gozag
Kikubaaqudgha
Makhleb
Nemelex Xobeh
Okawaru
Qazlal
Ru
Sif Muna
Uskayaw
Wu Jian
Xom
The Shining One

Shops:
D:4 *   D:7 (   Orc:2 %*

Annotations:
Orc:2 Rupert


Innate Abilities, Weirdness & Mutations

You are resistant to torment.
Your stone body is resilient. (AC +8)
You are immune to poison.
You resist negative energy. (rN+)
You are resistant to electric shocks. (rElec)
You can survive without breathing.
You are immune to petrification.
You are immune to rotting.


Message History

Rupert misses you.
You puncture Rupert!
Rupert is moderately wounded.
Rupert hits you with a great mace of crushing!!
You are too injured to fight recklessly!
You are too injured to fight recklessly!
You are too injured to fight recklessly!
You are too injured to fight recklessly!
You are too injured to fight recklessly!
You are too injured to fight recklessly!
You are too injured to fight recklessly!
Okay, then.
Okay, then.
You feel better. You block Rupert's attack. You block Rupert's attack.
You block Rupert's attack.
Rupert hits you with a great mace of crushing!!
Ouch! That really hurt!
You die...
Your body crumbles into a pile of gold.

...................#######
...........)........##.#.###
.......)(......P....#......#
.......<....).P.....P..#....
........)..........P..#.#..#
...........................#
.............P.8..P.........
.............P...∩.P........
#..........@................
............@.P..P..P.......
..................P........#
............P............##
...........#..........##
......#.......#.......#
.....##....#..........##
..∩.###.....##........#
#...#.##.#.###.......##


You could see Rupert (berserk).

Vanquished Creatures
  Gastronok (D:10)
  An orc warlord (Orc:1)
  Erolcha (D:10)
  A two-headed ogre (D:9)
  An orc high priest (Orc:2)
  Urug (D:10)
  2 orc knights
  An orc sorcerer (Orc:1)
  A deep elf mage (D:11)
  An ugly thing (D:11)
  2 manticores
  Maurice (D:11)
  A cyclops (Orc:2)
  A gargoyle (D:10)
  A troll (D:12)
  4 slime creatures (D:12)
  A hippogriff (D:7)
  10 yaks
  Sigmund (D:2)
  2 wyverns
  A human (D:8)
  A steam dragon (D:8)
  5 hungry ghosts
  A warg (Orc:1)
  5 sky beasts
  2 ice beasts
  9 orc warriors
  A black bear (D:9)
  6 ogres
  2 necrophages
  2 centaurs
  A crocodile (D:10)
  A big kobold (D:10)
  6 bullfrogs
  2 gnoll sergeants
  3 scorpions
  3 killer bees (D:9)
  5 wights (D:6)
  A howler monkey (D:5)
  3 centaur zombies
  2 crimson imps
  3 jellies
  20 orc wizards
  2 bullfrog skeletons
  5 orc priests
  2 hounds
  A centaur skeleton (D:7)
  2 iguanas
  11 worker ants
  A hound zombie (D:8)
  3 hound skeletons
  A worker ant zombie (D:10)
  A howler monkey skeleton (D:5)
  16 gnolls
  12 adders
  4 shadow imps
  An adder skeleton (D:9)
  2 worms
  4 leopard geckos
  44 orcs
  2 ball pythons
  13 bats
  3 giant cockroaches
  8 goblins
  10 hobgoblins
  3 jackals (D:9)
  2 quokkas
  3 frilled lizards
  A giant cockroach zombie (D:5)
  8 kobolds
  A leopard gecko zombie (D:5)
  A quokka skeleton (D:3)
  5 rats
292 creatures vanquished.

Vanquished Creatures (others)
  An orc priest (D:11)
  An orc (D:11)
  A fungus (Orc:2)
3 creatures vanquished.

Grand Total: 295 creatures vanquished

Notes
Turn   | Place    | Note
-------+----------+-------------------------------------------
     0 | D:1      | Lew the Gargoyle Fighter began the quest for the Orb.
     0 | D:1      | Reached XP level 1. HP: 14/14 MP: 1/1
   197 | D:1      | Reached XP level 2. HP: 19/19 MP: 2/2
   682 | D:2      | Reached XP level 3. HP: 23/23 MP: 3/3
   685 | D:2      | Found a shimmering altar of Xom.
   854 | D:2      | Noticed Sigmund
   877 | D:2      | Killed Sigmund
   877 | D:2      | Reached skill level 4 in Shields
   877 | D:2      | Reached XP level 4. HP: 15/29 MP: 4/4
   877 | D:2      | Reached XP level 5. HP: 18/33 MP: 5/5
  1193 | D:2      | Found a deep blue altar of Sif Muna.
  1300 | D:2      | Reached XP level 6. HP: 33/38 MP: 6/6
  2373 | D:3      | Found a stormy altar of Qazlal.
  2388 | D:3      | Found a shattered altar of Ashenzari.
  2843 | D:4      | Found Poryla Ware's Assorted Antiques.
  2870 | D:4      | Bought a scroll labeled SIHIEGO TUMIE for 32 gold pieces
  2870 | D:4      | Bought a scroll labeled YCEGEK WUUBU for 32 gold pieces
  2870 | D:4      | Bought a scroll labeled YMIGREE LEZOGI for 32 gold pieces
  2870 | D:4      | Bought a scroll labeled BOZOUN KOIJAS for 32 gold pieces
  2893 | D:4      | Found an ornate altar of the Wu Jian Council.
  3111 | D:4      | Found an opulent altar of Gozag.
  3311 | D:4      | Found a sparkling altar of Nemelex Xobeh.
  3477 | D:4      | Became a worshipper of Gozag Ym Sagoz the Greedy
  3521 | D:5      | Entered Level 5 of the Dungeon
  3578 | D:5      | Reached XP level 7. HP: 21/44 MP: 7/7
  3911 | D:5      | Found a shadowy altar of Dithmenos.
  4008 | D:5      | Reached skill level 5 in Shields
  4074 | D:5      | Reached skill level 5 in Armour
  4139 | D:5      | Reached skill level 5 in Fighting
  4201 | D:5      | Reached skill level 5 in Short Blades
  4638 | D:4      | Bought a dark potion for 28 gold pieces
  4638 | D:4      | Bought 3 scrolls labeled SIHIEGO TUMIE for 96 gold pieces
  4638 | D:4      | Bought a lumpy green potion for 28 gold pieces
  4638 | D:4      | Bought a scroll labeled XEIHOL ALYE for 32 gold pieces
  4761 | D:6      | Reached XP level 8. HP: 29/49 MP: 8/8
  4978 | D:6      | Found a shadowy altar of Dithmenos.
  5059 | D:6      | Found a hide-covered altar of Uskayaw.
  5080 | D:6      | Reached skill level 6 in Shields
  5740 | D:6      | Reached skill level 7 in Shields
  5983 | D:7      | Found a blossoming altar of Fedhas.
  6137 | D:7      | Reached XP level 9. HP: 49/54 MP: 9/9
  6186 | D:7      | Found Ypyett's Weapon Emporium.
  6228 | D:7      | Bought a +2 rapier of speed for 288 gold pieces
  6301 | D:7      | Identified the Almanac of Congealing Translocation
  6359 | D:7      | Reached skill level 8 in Shields
  6551 | D:7      | Found a staircase to the Ecumenical Temple.
  6666 | D:7      | Got a transparent leather armour
  6909 | D:8      | Found a glowing golden altar of the Shining One.
  7073 | D:8      | Reached skill level 9 in Shields
  7597 | D:8      | Identified the +1 leather armour of Undesirable Species {Dex+2 SInv} (You found it on level 7 of the Dungeon)
  7726 | D:9      | Found a burning altar of Makhleb.
  7773 | D:9      | Found a sacrificial altar of Ru.
  7847 | D:9      | Reached skill level 10 in Shields
  7889 | D:9      | Noticed a two-headed ogre
  7913 | D:9      | Killed a two-headed ogre
  7913 | D:9      | Reached skill level 10 in Armour
  7913 | D:9      | Reached XP level 10. HP: 34/59 MP: 10/10
  8169 | D:9      | Reached skill level 11 in Shields
  8521 | D:9      | Found an iron altar of Okawaru.
  8540 | D:10     | Entered Level 10 of the Dungeon
  8672 | D:10     | Noticed a gargoyle
  8682 | D:10     | Killed a gargoyle
  8682 | D:10     | Reached skill level 12 in Shields
  8947 | D:10     | Found a staircase to the Lair.
  8959 | D:10     | Noticed Erolcha
  8972 | D:10     | Killed Erolcha
  8972 | D:10     | Reached skill level 13 in Shields
  8972 | D:10     | Reached XP level 11. HP: 44/63 MP: 11/11
  9350 | D:10     | Noticed Urug
  9617 | D:10     | Killed Urug
  9768 | D:10     | Noticed Gastronok
  9808 | D:10     | Killed Gastronok
  9808 | D:10     | Reached skill level 14 in Shields
 10434 | D:11     | Noticed a deep elf mage
 10459 | D:11     | Killed a deep elf mage
 10530 | D:11     | Reached skill level 15 in Shields
 10539 | D:11     | Noticed a manticore
 10560 | D:11     | Killed a manticore
 10560 | D:11     | Reached skill level 1 in Stealth
 10719 | D:11     | Noticed a purple ugly thing
 10750 | D:11     | Killed a purple ugly thing
 11039 | D:11     | Noticed Maurice
 11120 | D:11     | Killed Maurice
 11395 | D:12     | Found a staircase to the Orcish Mines.
 11720 | D:12     | Noticed a manticore
 11748 | D:12     | Killed a manticore
 11748 | D:12     | Reached XP level 12. HP: 16/68 MP: 12/12
 12341 | D:12     | Found an ancient bone altar of Kikubaaqudgha.
 12386 | D:12     | Noticed an eight-headed hydra
 12529 | Orc:1    | Entered Level 1 of the Orcish Mines
 12657 | Orc:2    | Entered Level 2 of the Orcish Mines
 12658 | Orc:2    | Noticed an orc high priest
 12659 | Orc:2    | Noticed an orc warlord
 13106 | Orc:1    | Killed an orc warlord
 13145 | Orc:2    | Found Empozxuw's General Store.
 13173 | Orc:2    | Noticed a sun demon
 13175 | Orc:2    | Killed an orc high priest
 13175 | Orc:2    | Reached skill level 10 in Short Blades
 13202 | Orc:2    | Bought a +2 cloak of invisibility for 301 gold pieces
 13249 | Orc:2    | Found Siseum's Food Boutique.
 13249 | Orc:2    | Noticed Rupert
 13283 | Orc:2    | Slain by Rupert

Skill      XL: |  1  2  3  4  5  6  7  8  9 10 11 12 |
---------------+-------------------------------------+-----
Short Blades   | 2 3 4 5 6 10 | 10.1
Fighting       | 4 5 |  5.5
Armour         | 4 5 7 10 | 10.7
Shields        | 4 5 7 10 13 15 | 15.0
Stealth        | 2 |  2.2

Action                   |  1- 3 |  4- 6 |  7- 9 | 10-12 || total
-------------------------+-------+-------+-------+-------++-------
Melee: Rapier            |   105 |   186 |   476 |   941 ||  1708
       Short sword       |       |       |    98 |       ||    98
Evoke: Wand              |       |       |       |     1 ||     1
  Use: Potion            |     1 |       |     1 |    13 ||    15
       Scroll            |       |       |    17 |     6 ||    23
 Stab: Distracted        |       |       |     3 |     1 ||     4
       Confused          |       |       |       |     2 ||     2
       Invisible         |       |       |       |     2 ||     2
  Eat: Chunk             |       |     1 |       |       ||     1
       Ration            |       |     2 |     6 |     8 ||    16
Armor: Scale mail        |     8 |       |       |   121 ||   129
       Ring mail         |    34 |   100 |   230 |   119 ||   483
Dodge: Dodged            |    25 |    63 |   145 |   157 ||   390
Block: Shield            |    61 |   100 |   255 |   446 ||   862
